AoeStats
← nnn_0

Migration

510147800Analyzed
1v1 RM · 3d ago on Sep 29, 2026· 52m 26s· 2 players
Game mode
Random Map
Map size
132×132
Population
200
Speed
Normal
Resources
Standard
Victory
Conquest
Starting age
Dark Age
Ending age
Imperial Age
RankedLock teamsTeams togetherTeam positionsShared explorationLock speedFull tech treeHidden civsTurbo modeCheats
Victory
Defeat
🇩🇪 Danes · Germany
704
+15
🇨🇿 Celts · Czechia
673
-15
jirka.crha
11:06 Feudal Age
12:01 Double-Bit Axe
14:21 Horse Collar
18:55 Wheelbarrow
17:53 Man-at-Arms
18:28 Gold Mining
24:15 Castle Age
22:05 Loom
22:12 Stone Mining
22:47 Scale Mail Armor
22:58 Forging
25:11 Pikeman
26:35 Elite Skirmisher
32:34 Medium Warships
33:23 Gambesons
35:43 Heavy Plow
36:23 Gold Shaft Mining
36:06 Bow Saw
nnn_0
5:55 Loom
11:01 Feudal Age
11:27 Double-Bit Axe
13:26 Wheelbarrow
16:22 Man-at-Arms
17:19 Arson
19:37 Forging
19:27 Scale Mail Armor
25:05 Castle Age
23:19 Fletching
31:51 Horse Collar
36:00 Iron Casting
35:40 Chain Mail Armor
36:08 Bow Saw
37:59 Hand Cart
38:26 Medium Warships
38:23 Town Watch
41:01 Stone Mining
41:01 Gold Mining
43:57 Imperial Age
42:18 Bodkin Arrow
45:39 Elite Varangian Guard
47:53 Bracer
48:54 Blast Furnace
48:24 Plate Mail Armor
Connection lost

Rejoining the realm…

Still unreachable

The connection could not be restored.

Session expired

The server has moved on; the page needs a fresh start.